 Dungeon Crawl Stone Soup version 0.24-a0-630-g0d56a851f4 (webtiles) character file.

Game seed: 15584309008514607305, levelgen mode: deterministic

279 Amanar the Skirmisher (level 6, -5/56 HPs)
             Began as a Minotaur Fighter on Sept 19, 2019.
             Killed by nerve-wracking pain
             ... invoked by a shadow imp
             ... summoned by Eustachio
              (11 damage)
             ... on level 4 of the Dungeon.
             The game lasted 00:06:17 (2072 turns).

Amanar the Skirmisher (Minotaur Fighter)            Turns: 2072, Time: 00:06:17

Health: -5/56      AC: 12    Str: 22    XL:     6   Next: 5%
Magic:  5/5        EV:  7    Int:  5    God:
Gold:   147        SH: 10    Dex: 10    Spells: 5/5 levels left

rFire    . . .     SeeInvis .   a - +0 falchion (flame)
rCold    . . .     Gourm    .   c - +0 shield
rNeg     . . .     Faith    .   b - +1 scale mail
rPois    .         Spirit   .   (helmet restricted)
rElec    .         Reflect  .   r - +2 cloak
rCorr    .         Harm     .   v - +0 pair of gloves
MR       .....                  (no boots)
Stlth    ..........             (no amulet)
HPRegen  0.18/turn              t - ring of flight
MPRegen  0.09/turn              (no ring)

@: very slightly contaminated, invisible
A: retaliatory headbutt, horns 2
a: Evoke Flight


You were on level 4 of the Dungeon.
You were not hungry.

You visited 1 branch of the dungeon, and saw 4 of its levels.

You collected 147 gold pieces.

Inventory:

Hand Weapons
 a - a +0 falchion of flaming (weapon)
   (You found it on level 3 of the Dungeon)
Armour
 b - a +1 scale mail (worn)
 c - a +0 shield (worn)
 r - a +2 cloak (worn)
   (You found it on level 2 of the Dungeon)
 v - a +0 pair of gloves (worn)
   (You found it on level 3 of the Dungeon)
Jewellery
 t - a ring of flight (left hand)
   (You found it on level 3 of the Dungeon)
Scrolls
 h - 2 scrolls of teleportation {@r4}
 i - 3 scrolls of remove curse {@r2}
 p - a scroll of amnesia
Potions
 d - 2 potions of might
 g - 2 potions of curing {@q1}
 j - 2 potions of lignification {!q}
 k - a potion of cancellation {unknown}
 n - a potion of heal wounds {unknown}
 o - 2 potions of agility
Comestibles
 e - 7 rations {!d}
 f - 12 chunks of flesh


   Skills:
 * Level 5.4 Fighting
 * Level 4.7 Long Blades
 + Level 4.7 Armour
 + Level 4.6 Shields
 + Level 0.5 Evocations


You had 5 spell levels left.
You didn't know any spells.
Your spell library was empty.

Dungeon Overview and Level Annotations

Branches:
Dungeon (4/15)
 Temple: D:4-7

Altars:
Elyvilon
Gozag
Qazlal

Annotations:
D:4 Eustachio


Innate Abilities, Weirdness & Mutations

You reflexively headbutt those who attack you in melee.
You have a pair of horns on your head.


Message History

Done exploring.
Done exploring.
Done exploring.
There is an escape hatch in the floor here.
Some of the chunks of flesh in your inventory have rotted away.
There is a stone staircase leading down here.
You climb downwards.
Eustachio the Magnificent comes into view.
He is wielding a +2 rapier of electrocution.
Eustachio shouts!
There is a stone staircase leading up here.
Okay, then.
Here: Eustachio, wielding a +2 rapier of electrocution and wearing a +0 leather armour The floor.
You fade into invisibility!
You are very lightly contaminated with residual magic.
You closely miss Eustachio. Your headbutt misses Eustachio.
Eustachio hits you but does no damage.
You are electrocuted!
You closely miss Eustachio. Eustachio hits you but does no damage.
You closely miss Eustachio. Eustachio barely misses you.
You catch the helpless Eustachio completely off-guard!
You hit Eustachio but do no damage.
Eustachio mumbles some strange words.
Unknown command.
You barely miss Eustachio. Eustachio barely misses you.
The bat barely misses you.
You riposte.
You slash the bat! You burn the bat.
You kill the bat!
The bat's corpse disappears in a puff of smoke!
You hit Eustachio but do no damage. You headbutt Eustachio.
You block Eustachio's attack.
You miss Eustachio. Eustachio closely misses you. You furiously retaliate!
You headbutt Eustachio, but do no damage.
You miss Eustachio. Your headbutt misses Eustachio.
Eustachio hits you but does no damage.
You are electrocuted!!
* * * LOW HITPOINT WARNING * * *
You hit Eustachio. You burn Eustachio.
Eustachio casts a spell.
You hit Eustachio but do no damage.
The white imp shouts, "Remove thy stench, thou beslubbering limp-willed coxcomb!"
Eustachio hits you with a +2 rapier of electrocution.
* * * LOW HITPOINT WARNING * * *
You are electrocuted!
* * * LOW HITPOINT WARNING * * *
Eustachio hits you but does no damage.
The white imp shouts, "Scamper away, thou peeagling spleeny measle!"
You hear a howl!
The shadow imp gestures at you. Pain shoots through your body!
You die...

##
####.########
............
#..#.55..######
#....@.@.......
#..#.#.#.#.....
# #.#.# ...
#.### . ... ###


You could see Eustachio, a white imp (wandering) and a shadow imp.

Vanquished Creatures
  An orc wizard (D:3)
  2 orc priests
  Ijyb (D:3)
  3 adders
  2 oozes
  A worm (D:2)
  4 dart slugs
  6 leopard geckos
  14 orcs
  8 bats
  A giant cockroach (D:3)
  7 hobgoblins
  11 jackals
  2 quokkas
  2 frilled lizards
  17 goblins
  10 kobolds
  4 rats (D:1)
96 creatures vanquished.

Notes
Turn   | Place    | Note
-------+----------+-------------------------------------------
     0 | D:1      | Amanar the Minotaur Fighter began the quest for the Orb.
     0 | D:1      | Reached XP level 1. HP: 19/19 MP: 0/0
    62 | D:1      | Reached XP level 2. HP: 23/27 MP: 1/1
   256 | D:1      | Reached skill level 4 in Fighting
   456 | D:1      | Reached XP level 3. HP: 32/33 MP: 2/2
  1091 | D:2      | Reached XP level 4. HP: 41/41 MP: 3/3
  1236 | D:2      | Found a white marble altar of Elyvilon.
  1241 | D:2      | Found an opulent altar of Gozag.
  1366 | D:2      | Found a stormy altar of Qazlal.
  1539 | D:3      | Reached XP level 5. HP: 38/47 MP: 4/4
  1560 | D:3      | Reached skill level 5 in Fighting
  1856 | D:3      | Noticed Ijyb
  1868 | D:3      | Killed Ijyb
  1872 | D:3      | Reached XP level 6. HP: 55/56 MP: 5/5
  2059 | D:4      | Noticed Eustachio
  2072 | D:4      | Killed from afar by a shadow imp

Levels and vault maps discovered:
D:1:      onia_arrival_mini_maze, layout_loops_cross
D:2:      layout_loops_cross, minitemple, nicolae_qazlal_general_emergency
D:3:      kennysheep_the_goblin_king, layout_rooms, first_ration
D:4:      layout_basic, minmay_manual_mandibuliform, uniq_eustachio, uniq_pikel

Skill      XL: |  1  2  3  4  5 |
---------------+----------------+-----
Fighting       | 4 5 |  5.4
Long Blades    | 3 4 |  4.7
Armour         | 4 |  4.7
Shields        | 4 |  4.6
Evocations     | |  0.5

Action                   |  1- 3 |  4- 6 || total
-------------------------+-------+-------++-------
Melee: Long sword        |    97 |    62 ||   159
       Headbutt          |    15 |    19 ||    34
       Falchion          |       |    46 ||    46
  Use: Scroll            |       |    13 ||    13
       Potion            |       |     1 ||     1
 Stab: Invisible         |       |     1 ||     1
  Eat: Chunk             |     1 |     3 ||     4
Armor: Scale mail        |    48 |    55 ||   103
Dodge: Dodged            |    35 |    52 ||    87
Block: Shield            |    51 |    65 ||   116
       Rpst.: Long sword |     8 |     2 ||    10
       Falchion          |       |     3 ||     3

Table legend:
 A = Non-vault XP
 B = Vault XP
 C = Vault XP percentage of total XP
 D = Non-vault monster count
 E = Vault monster count
 F = Vault count percentage of total count
                 A         B        C        D         E       F
            +---------+---------+-------+---------+---------+-------
      Total |     351 |      48 |  12.0 |      89 |       7 |   7.3
            +---------+---------+-------+---------+---------+-------
        D:1 |      63 |       0 |   0.0 |      32 |       0 |   0.0
        D:2 |     120 |       0 |   0.0 |      24 |       0 |   0.0
        D:3 |     168 |      48 |  22.2 |      33 |       7 |  17.5
            +---------+---------+-------+---------+---------+-------
